 Dungeon Crawl Stone Soup version 0.20.1-1-g8b1a95d (webtiles) character file.

23 tidbits the Ruffian (level 2, 6/23 HPs)
             Began as a Draconian Transmuter on July 8, 2017.
             Quit the game on level 2 of the Dungeon.
             The game lasted 00:04:23 (698 turns).

tidbits the Ruffian (Draconian Transmuter)           Turns: 698, Time: 00:04:24

Health: 6/23       AC:  4    Str: 12    XL:     2   Next: 75%
Magic:  5/5        EV: 12    Int: 13    God:
Gold:   107        SH:  0    Dex: 11    Spells: 2/5 levels left

rFire    . . .     SeeInvis .     - Unarmed
rCold    . . .     Gourm    .   (no shield)
rNeg     . . .     Faith    .   (armour unavailable)
rPois    .         Spirit   .   (helmet restricted)
rElec    .         Reflect  .   (no cloak)
rCorr    .         Harm     .   (no gloves)
MR       .....                  (no boots)
Stlth    ++........             (no amulet)
Regen    0.1/turn               (no ring)
MPRegen  0.1/turn               (no ring)

@: no status effects
A: unfitting armour, cold-blooded, AC +4
a: no special abilities


You were on level 2 of the Dungeon.
You were not hungry.

You visited 1 branch of the dungeon, and saw 3 of its levels.

You collected 107 gold pieces.

Inventory:

Missiles
 a - 10 arrows
 g - 77 stones (quivered)
Jewellery
 e - a +3 amulet of reflection {unknown}
   (You found it on level 1 of the Dungeon)
Scrolls
 f - a scroll of noise {unknown}
 h - a scroll of identify {unknown}
 k - a scroll of teleportation {unknown}
 m - a scroll of blinking {unknown}
Potions
 i - 2 potions of might {unknown}
 j - 3 potions of curing {unknown}
 n - a potion of brilliance {unknown}
Books
 b - a book of Changes

   Spells                             Type                      Level
   a - Beastly Appendage              Transmutation                1
   b - Sticks to Snakes               Transmutation                2
   c - Spider Form                    Transmutation/Poison         3
   d - Ice Form                       Ice/Transmutation            4
   e - Blade Hands                    Transmutation                5
Comestibles
 c - a bread ration
 l - a royal jelly


   Skills:
 - Level 1.1 Fighting
 - Level 1.7 Dodging
 + Level 2.4 Stealth
 - Level 3.0 Unarmed Combat
 - Level 2.0 Spellcasting
 - Level 2.0 Transmutations


You had 2 spell levels left.
You knew the following spells:

 Your Spells              Type           Power        Failure   Level  Hunger
e - Beastly Appendage     Tmut           #.....       11%         1    ##.....
k - Sticks to Snakes      Tmut           #.......     17%         2    ###....


Dungeon Overview and Level Annotations

Branches:
Dungeon (3/15)

Altars:
Cheibriados
Elyvilon


Innate Abilities, Weirdness & Mutations

Your plain brown scales are hard. (AC +4)
You cannot fit into any form of body armour.
You are cold-blooded and may be slowed by cold attacks.


Message History

The rat bites you but does no damage.
You hit the rat.
The rat is heavily wounded.
The rat completely misses you.
You hit the rat.
You kill the rat!
Found a scroll labeled SEQYDA ELODIESI.
Found a mace and a royal jelly.
l - a royal jelly A goblin comes into view.
The goblin shouts!
You hit the goblin.
The goblin is moderately wounded.
The goblin hits you but does no damage.
You hit the goblin.
You kill the goblin!
m - a scroll labeled SEQYDA ELODIESI
Found a stone staircase leading down.
n - a dark potion
There is a stone staircase leading down here.
You climb downwards.
Found a white potion.
There is a stone staircase leading up here.
A bat and a worm come into view.
A quokka comes into view.
The quokka moves out of view.
Found 9 gold pieces.
You see here a white potion.
i - 2 white potions (gained 1)
The quokka barely misses you.
Casting: Beastly Appendage
Confirm with . or Enter, or press ? or * to list all spells.
Your feet morph into talons.
The quokka bites you.
You closely miss the quokka. The quokka bites you.
You hit the quokka. You claw the quokka.
You kill the quokka!
Your transformation is almost over.
The worm bites you!
Casting: Beastly Appendage
Confirm with . or Enter, or press ? or * to list all spells.
You miscast Sticks to Snakes.
You are very lightly contaminated with residual magic.
The air around you crackles with energy!
There is a stone staircase leading up here.
You climb upwards.
There is a stone staircase leading down here.
Your talons disappear.
All of the chunks of flesh in your inventory have rotted away.
Casting: Sticks to Snakes
Confirm with . or Enter, or press ? or * to list all spells.
You create a snake!
You now have 10 arrows.
Casting: Sticks to Snakes
Confirm with . or Enter, or press ? or * to list all spells.
You don't have enough magic to cast that spell.
Your ball python barely misses the worm. x2
The worm bites your ball python!
Your ball python dies!
Your magical contamination has completely faded away.
A goblin comes into view. It is wielding a dagger.
There is a stone staircase leading down here.
You climb downwards.
A rat, a hobgoblin and an orc come into view.
The orc shouts!
The hobgoblin shouts!
The orc hits you with a flail.
* * * LOW HITPOINT WARNING * * *
The hobgoblin hits you.
* * * LOW HITPOINT WARNING * * *
The rat closely misses you. The rat bites you but does no damage.
The hobgoblin misses you. The orc barely misses you.
Found a dagger and a bread ration.
There is a stone staircase leading up here.
Unknown command.
The rat closely misses you.
A kobold comes into view. It is wielding a short sword.
Found a fizzy brown potion.
The kobold shouts!
You hear a shout!
Found a meat ration.
You hit the hobgoblin but do no damage. The hobgoblin closely misses you.
The rat closely misses you. The hobgoblin hits you.
* * * LOW HITPOINT WARNING * * *
The hobgoblin hits you.
* * * LOW HITPOINT WARNING * * *
Found a murky white potion.
The hobgoblin closely misses you.
An orc comes into view. It is wielding a short sword.
There is a stone staircase leading up here.
The hobgoblin barely misses you.
You climb upwards.
There is a stone staircase leading down here.
There is a stone staircase leading up here.
A hobgoblin comes into view.
The hobgoblin moves out of view.
A goblin comes into view. It is wielding a dagger.
The hobgoblin shouts!
A hobgoblin comes into view. It is wielding a club.
The goblin misses you. The goblin misses you.
The hobgoblin hits you but does no damage.
Are you sure you want to abandon this character and quit the game? (Confirm with "yes".)

############# #..................
............###.######....#w.....
.......................#.##......
...................#####.##......
g..................# #.##......
####...#...........#####.##......
###.....................##......
#..............g.................
#.............gg@..##.....#......
#.........#...<.......###.#......
............##.###w.### #........
.###...#..#....###...# ###......
. ###.............#.# ##.....
#...........###.# ##....
##.........<###.# #####
#...........##.#####
#.........#..#.....##


You could see a worm, 2 hobgoblins and a goblin.

Vanquished Creatures
  A dart slug (D:1)
  A giant cockroach (D:1)
  3 hobgoblins
  A quokka (D:3)
  2 frilled lizards (D:1)
  2 goblins (D:2)
  2 kobolds
  4 rats
  A fungus (D:1)
17 creatures vanquished.

Vanquished Creatures (collateral kills)
  A gnoll (D:1)
  A dart slug (D:1)
2 creatures vanquished.

Grand Total: 19 creatures vanquished

Notes
Turn   | Place    | Note
-------+----------+-------------------------------------------
     0 | D:1      | tidbits the Draconian Transmuter began the quest for the Orb.
     0 | D:1      | Reached XP level 1. HP: 16/16 MP: 3/3
    87 | D:1      | Reached skill level 1 in Stealth
   157 | D:1      | Reached XP level 2. HP: 23/23 MP: 3/5
   161 | D:1      | Learned a level 2 spell: Sticks to Snakes
   342 | D:1      | Reached skill level 2 in Stealth
   396 | D:2      | Found a white marble altar of Elyvilon.
   396 | D:2      | Found a snail-covered altar of Cheibriados.
   629 | D:3      | HP: 1/23 [hobgoblin (4)]
   698 | D:2      | Quit the game

Skill      XL: |  1  2 |
---------------+-------+-----
Stealth        | 1 2 |  2.4
Fighting       | |  1.1
Dodging        | |  1.7
Unarmed Combat | |  3.0
Spellcasting   | |  2.0
Transmutations | |  2.0

Action                   || total
-------------------------++-------
Melee: Unarmed           ||    40
       Tailslap          ||     8
       Headbutt          ||     3
       Kick              ||     5
Throw: Stone             ||     1
 Cast: Beastly Appendage ||    10
       Sticks to Snakes  ||     2
 Stab: Sleeping          ||     3
Armor: Skin              ||     6
Dodge: Dodged            ||    20

Table legend:
 A = Turns spent in this place as a percentage of turns spent in the entire game.
 B = Non-inter-level travel turns spent in this place as a percentage of non-inter-level travel turns spent in the entire game.
 C = Inter-level travel turns spent in this place as a percentage of turns spent in this place.
 D = Turns resting spent in this place as a percentage of non-inter-level travel turns spent in this place.
 E = Turns spent auto-exploring this place as a percentage of non-inter-level travel turns spent in this place.
 F = Non-inter-level travel turns spent in this place divided by the number of levels of this place that you've seen.
                   A       B       C       D       E      F
               +-------+-------+-------+-------+-------+----------------------
         Total | 100.0 | 100.0 |   0.3 |   0.0 |   0.0 | 215.7
       Dungeon | 100.0 | 100.0 |   0.3 |   0.0 |   0.0 | 215.7
               +-------+-------+-------+-------+-------+----------------------

Table legend:
 A = Kills in this place as a percentage of kills in entire the game.
 B = Kills by you in this place as a percentage of kills by you in the entire game.
 C = Kills by friends in this place as a percentage of kills by friends in the entire game.
 D = Other kills in this place as a percentage of other kills in the entire game.
 E = Experience gained in this place as a percentage of experience gained in the entire game.
 F = Experience gained in this place divided by the number of levels of this place that you have seen.
                   A       B       C       D       E      F
               +-------+-------+-------+-------+-------+----------------------
         Total | 100.0 | 100.0 | 100.0 |  -nan | 100.0 |  11.3
       Dungeon | 100.0 | 100.0 | 100.0 |  -nan | 100.0 |  11.3
               +-------+-------+-------+-------+-------+----------------------

Vault maps used:
D:1:      zelgadis_glass_arrival_small, minmay_stone_trees_large,
          minmay_gold_behind_fungi
D:2:      gammafunk_temple_overflow_pools
D:3:      first_bread
